 Dungeon Crawl Stone Soup version 0.29.1-12-g30fa7ad0bf (webtiles) character file.

Game seed: 12993058953972891936

20 wormed the Ruffian (level 2, 0/28 HPs)
             Began as a Troll Gladiator on Dec 24, 2022.
             Slain by Robin
             ... wielding a +0 trident
              (8 damage)
             ... on level 2 of the Dungeon.
             The game lasted 00:01:37 (939 turns).

wormed the Ruffian (Troll Gladiator)                 Turns: 939, Time: 00:01:38

Health: 0/28       AC:  4    Str: 21    XL:     2   Next: 58%
Magic:  1/1        EV:  8    Int:  4    God:
Gold:   138        SH:  6    Dex: 11    Spells: 1/1 levels left

rFire   . . .      SeeInvis +     - Unarmed
rCold   . . .      Faith    .   j - +0 kite shield
rNeg    . . .      Spirit   .   a - +0 robe
rPois   +          Reflect  .   b - +0 hat
rElec   .          Harm     .   (no cloak)
rCorr   .          Rampage  .   (gloves unavailable)
Will    .....                   (boots unavailable)
Stlth   +.........              (no amulet)
HPRegen 0.89/turn               e - ring of poison resistance
MPRegen 0.07/turn               h - ring of see invisible

@: no status effects
A: large, unfitting armour, claws 3, regeneration 1, shaggy fur 1, tough skin 1
a: no special abilities


You were on level 2 of the Dungeon.
You visited 1 branch of the dungeon, and saw 2 of its levels.

You collected 138 gold pieces.

Inventory:

Missiles
 c - 3 throwing nets
 d - a large rock (quivered)
Armour
 a - a +0 robe (worn)
 b - a +0 hat (worn)
 j - a +0 kite shield (worn)
Jewellery
 e - a ring of poison resistance (left claw)
 h - a ring of see invisible (right claw)
Scrolls
 i - a scroll of teleportation {unknown}
 k - a scroll of poison {unknown}
Potions
 f - a potion of invisibility {unknown}
 g - a potion of magic {unknown}


   Skills:
 + Level 1.8 Fighting
 + Level 2.0 Throwing
 + Level 2.6 Dodging
 * Level 0.0 Shields
 * Level 3.4 Unarmed Combat


You had one spell level left.
You didn't know any spells.
Your spell library was empty.

Dungeon Overview and Level Annotations

Branches:
Dungeon (2/15)

Altars:

Annotations:
D:2 Robin


Innate Abilities, Weirdness & Mutations

You are too large for most types of armour.
You have claws for hands.
Your natural rate of healing is unusually fast.
You are covered in fur. (AC +1)
You have tough skin. (AC +1)


Message History

Robin shouts!
The goblin shouts!
The hobgoblin shouts!
Robin throws the goblin at you! The goblin hits you with a +0 club.
The goblin hits you but does no damage.
You claw the goblin!
You kill the goblin!
The goblin hits you with a +0 dagger. You block the goblin's attack.
You barely miss the hobgoblin. The goblin hits you but does no damage.
The hobgoblin closely misses you. The goblin completely misses you.
You miss the goblin. The goblin hits you but does no damage.
You block the goblin's attack. The goblin barely misses you.
You scratch the hobgoblin.
The hobgoblin is moderately wounded.
You block the hobgoblin's attack.
Robin roars a battlecry!
The goblins go into a battle-frenzy!
You block the goblin's attack.
The hobgoblin hits you but does no damage.
The goblin hits you but does no damage. The goblin barely misses you.
A worm comes into view.
You closely miss the hobgoblin.
The hobgoblin is moderately wounded.
The hobgoblin hits you. You block Robin's attack.
The goblin closely misses you. You block the goblin's attack.
The hobgoblin hits you but does no damage.
The goblin hits you with a +0 dagger. The goblin hits you but does no damage.
You scratch the hobgoblin.
You kill the hobgoblin!
Robin barely misses you. The goblin barely misses you. The hobgoblin hits you.
The goblin closely misses you. The goblin hits you with a +0 dagger.
You closely miss the hobgoblin. The hobgoblin closely misses you.
The hobgoblin hits you but does no damage.
Robin throws the goblin at you! The goblin closely misses you.
The goblin barely misses you. You block the goblin's attack.
The goblin hits you with a +0 dagger. x2
You are too injured to fight recklessly!
You barely miss the hobgoblin. You block the hobgoblin's attack.
The hobgoblin hits you.
* * * LOW HITPOINT WARNING * * *
Robin hits you from afar with a +0 trident!
You die...

####### #....?#
####.....#
#........+
#........#
.......#.##
##ggg.....#
#[g@ggw...#
#.#gg.....#
#.#g.......
#####.#......##
#.....#...!....
###.#############
#<..# #####


You could see a worm, Robin, 3 hobgoblins and 5 goblins.

Vanquished Creatures
  A dart slug (D:1)
  3 endoplasms (D:1)
  2 goblins
  3 hobgoblins
  3 quokkas (D:1)
  A bat (D:1)
  A frilled lizard (D:1)
  2 kobolds (D:1)
16 creatures vanquished.

Notes
Turn   | Place    | Note
-------+----------+-------------------------------------------
     0 | D:1      | wormed the Troll Gladiator began the quest for the Orb.
     0 | D:1      | Reached XP level 1. HP: 19/19 MP: 0/0
    37 | D:1      | Found a faded altar of an unknown god.
   449 | D:1      | Reached XP level 2. HP: 27/28 MP: 1/1
   930 | D:2      | Noticed Robin
   939 | D:2      | Slain by Robin

Illustrated notes

Levels and vault maps discovered:
D:1:      heliophobic_arrival_henge, layout_basic, basic_ecumenical_altar,
          hangedman_decor_growths, chequers_garden
D:2:      layout_basic, minmay_domino_2, uniq_robin, uniq_natasha

Skill      XL: |  1  2 |
---------------+-------+-----
Throwing       | 2 |  2.0
Fighting       | |  1.8
Dodging        | |  2.6
Unarmed Combat | |  3.4

Action                   || total
-------------------------++-------
Melee: Unarmed           ||    40
       Punch             ||     1
Armor: Robe              ||    26
Dodge: Dodged            ||    29
Block: Kite shield       ||     8
